 Dungeon Crawl Stone Soup version 0.29.0-7-g18a832c13a (webtiles) character file.

Game seed: 17617652346549592963

112 Leibowitz the Cutter (level 5, -2/33 HPs)
             Began as a Kobold Fighter on Aug 30, 2022.
             Slain by an orc warrior
             ... wielding a +3 mace
              (10 damage)
             ... on level 4 of the Dungeon.
             The game lasted 00:05:49 (3027 turns).

Leibowitz the Cutter (Kobold Fighter)               Turns: 3027, Time: 00:05:50

Health: -2/33      AC:  9    Str: 13      XL:     5   Next: 16%
Magic:  5/5        EV: 10    Int:  9 (10) God:
Gold:   203        SH:  5    Dex: 15 (16) Spells: 4/4 levels left

rFire   . . .      SeeInvis .   l - +0 dagger (venom)
rCold   . . .      Faith    .   c - +0 buckler
rNeg    + . .      Spirit   .   b - +0 scale mail
rPois   .          Reflect  .   g - +2 helmet
rElec   .          Harm     .   (no cloak)
rCorr   .          Rampage  .   (no gloves)
Will    .....                   (no boots)
Stlth   +.........              (no amulet)
HPRegen 0.11/turn               i - ring of flight
MPRegen 0.09/turn               m - ring of positive energy

@: flying
A: small, no large weapons, nightstalker 3
a: no special abilities


You were on level 4 of the Dungeon.
You visited 1 branch of the dungeon, and saw 4 of its levels.

You collected 203 gold pieces.

Inventory:

Hand Weapons
 a - a +1 rapier of speed
 k - the +6 quarterstaff of Peletange {pain, rC+ Will+}
   (You found it on level 3 of the Dungeon)

   In the hands of one skilled in necromantic magic, it inflicts extra damage on
   living creatures.
   rC:        It protects you from cold.
   Will:      It increases your willpower.
 l - a +0 dagger of venom (weapon)
Armour
 b - a +0 scale mail (worn)
 c - a +0 buckler (worn)
 g - a +2 helmet (worn)
Jewellery
 i - a ring of flight (left hand)
 m - a ring of positive energy (right hand)
Scrolls
 e - 4 scrolls of identify {unknown}
 f - a scroll of amnesia {unknown}
 n - a scroll of silence {unknown}
 o - a scroll of butterflies {unknown}
Potions
 d - a potion of might
 h - 2 potions of ambrosia
 j - a potion of curing


   Skills:
 * Level 3.9 Fighting
 * Level 4.2 Short Blades
 * Level 2.9 Armour
 * Level 1.3 Dodging
 * Level 1.2 Stealth
 * Level 2.8 Shields


You had 4 spell levels left.
You didn't know any spells.
Your spell library contained the following spells:

 Spells                   Type           Power      Damage    Failure   Level
 Slow                     Hex            0%         N/A       95%         1
 Confusing Touch          Hex            0%         N/A       100%        3
 Portal Projectile        Hex/Tloc       0%         N/A       100%        3
 Tukima's Dance           Hex            0%         N/A       100%        3
 Vampiric Draining        Necr           0%         2d6       100%        3
 Hailstorm                Conj/Ice       0%         3d3       100%        4
 Ice Form                 Ice/Tmut       0%         N/A       100%        4
 Leda's Liquefaction      Hex/Erth       0%         N/A       100%        4
 Blade Hands              Tmut           0%         N/A       100%        5
 Lee's Rapid Deconstruct  Erth           0%         3d5*      100%        5
 Simulacrum               Ice/Necr       0%         N/A       100%        6
 Statue Form              Tmut/Erth      0%         N/A       100%        6


Dungeon Overview and Level Annotations

Branches:
Dungeon (4/15)
 Temple: D:4-7

Altars:
Cheibriados
Hepliaklqana
Nemelex Xobeh
Wu Jian
Xom

Annotations:
D:4 4 runed translucent doors


Innate Abilities, Weirdness & Mutations

You are small and have problems with some larger weapons.
You are completely attuned to the shadows.


Message History

You hit the jackal but do no damage.
The jackal is poisoned.
The jackal closely misses you.
You barely miss the jackal.
The jackal bites you but does no damage.
You closely miss the jackal.
The jackal is heavily wounded.
The jackal closely misses you.
A jackal is nearby!
You hit the jackal but do no damage.
The jackal looks as sick as possible!
The jackal is moderately wounded.
You kill the jackal!
An orc warrior comes into view. It is wielding a +3 mace.
An orc warrior is nearby!
Found the Discursus on Searing Execration.
The orc warrior shouts!
You barely miss the orc warrior.
The orc warrior hits you with a +3 mace.
You barely miss the orc warrior.
The orc warrior hits you with a +3 mace.
You hit the orc warrior but do no damage.
The orc warrior hits you with a +3 mace.
You hit the orc warrior but do no damage.
The orc warrior is poisoned.
You hit the orc warrior.
The orc warrior looks as sick as possible!
The orc warrior is lightly wounded.
You block the orc warrior's attack.
You hit the orc warrior but do no damage.
The orc warrior looks as sick as possible!
The orc warrior is moderately wounded.
The orc warrior hits you with a +3 mace!
The orc warrior attacks as you move away!
The orc warrior hits you but does no damage.
The orc warrior attacks as you move away!
The orc warrior hits you with a +3 mace.
* * * LOW HITPOINT WARNING * * *
There is an open door here.
The orc warrior attacks as you move away!
The orc warrior hits you with a +3 mace!
You die...

.......######....†....
......##8()8##........
......#8....8#.......#
......+......+......##
....).+o.....+..###.#
......#8....8#.## .#
......##8|!8##.####.#
.......#### #.....#.#
...###@# #+###...#
.##.o.### ##..#
#.#.##:# #..# #.##.#.#
#.## #.#.##.# #.#
#.###..# #.#
##....#### ##.#
######..######..#
............##


You could see an orc warrior (very poisoned).

Vanquished Creatures
  4 adders
  A white imp (D:4)
  An ufetubus (D:3)
  3 worms
  4 dart slugs
  5 bats
  3 endoplasms
  A giant cockroach (D:1)
  4 goblins
  5 hobgoblins
  A jackal (D:4)
  2 quokkas
  7 ball pythons
  3 frilled lizards (D:3)
  4 kobolds
48 creatures vanquished.

Vanquished Creatures (others)
  25 plants (D:3)
25 creatures vanquished.

Grand Total: 73 creatures vanquished

Notes
Turn   | Place    | Note
-------+----------+-------------------------------------------
     0 | D:1      | Leibowitz the Kobold Fighter began the quest for the Orb.
     0 | D:1      | Reached XP level 1. HP: 14/14 MP: 1/1
   159 | D:1      | Reached XP level 2. HP: 19/19 MP: 2/2
   573 | D:1      | Found a faded altar of an unknown god.
   708 | D:2      | Reached skill level 3 in Short Blades
   708 | D:2      | Reached XP level 3. HP: 10/23 MP: 3/3
  1102 | D:2      | Reached skill level 1 in Dodging
  1317 | D:2      | Reached XP level 4. HP: 29/29 MP: 4/4
  1975 | D:3      | Reached skill level 1 in Stealth
  2000 | D:3      | Found a snail-covered altar of Cheibriados.
  2000 | D:3      | Found a sparkling altar of Nemelex Xobeh.
  2002 | D:3      | Found a hazy altar of Hepliaklqana.
  2004 | D:3      | Found a shimmering altar of Xom.
  2004 | D:3      | Found an ornate altar of the Wu Jian Council.
  2101 | D:3      | Identified the +6 quarterstaff of Peletange {pain, rC+
                  | Will+}
  2265 | D:3      | Reached skill level 4 in Short Blades
  2914 | D:4      | Found a large runed translucent door.
  2914 | D:4      | Found a large runed translucent door.
  2917 | D:4      | Noticed a steam dragon
  2942 | D:4      | Found a large runed translucent door.
  2948 | D:4      | Found a large runed translucent door.
  2970 | D:4      | Reached XP level 5. HP: 31/33 MP: 5/5
  3009 | D:4      | Noticed an orc warrior
  3027 | D:4      | Slain by an orc warrior

Illustrated notes

Levels and vault maps discovered:
D:1:      minmay_arrival_radiant_lines, layout_rooms,
          hellmonk_ecumenical_altar_heavens_door
D:2:      layout_basic, minmay_crystal_water
D:3:      layout_loops_corners, grunt_temple_overflow_open, serial_bayou,
          serial_bayou_shore_a, serial_bayou_pond_d, serial_bayou_pond_a,
          serial_bayou_lagoon_a
D:4:      layout_rooms, gammafunk_ghost_mausoleum, minmay_misc_feat_tower,
          minmay_hollow_rounded_squares

Skill      XL: |  1  2  3  4 |
---------------+-------------+-----
Short Blades   | 3 4 |  4.2
Dodging        | 1 |  1.3
Stealth        | 1 |  1.2
Fighting       | |  3.9
Armour         | |  2.9
Shields        | |  2.8

Action                   |  1- 3 |  4- 6 || total
-------------------------+-------+-------++-------
Melee: Rapier            |    77 |    42 ||   119
       Dagger            |       |    59 ||    59
  Use: Potion            |     5 |     1 ||     6
 Stab: Sleeping          |     1 |     3 ||     4
Armor: Scale mail        |    14 |    43 ||    57
Dodge: Dodged            |    20 |    42 ||    62
Block: Buckler           |     9 |    21 ||    30
